BSA
SAN FRANCISCO BANDITS @ NEW ORLEANS LOOTERS
07/21/2026
 
TOP OF THE 1ST
San Francisco Bandits batting - Pitching for New Orleans Looters : RHP Edward Baker
Pitching: RHP Edward Baker
Batting: RHB Pete Rideout 0-0: Called Strike
0-1: Swinging Strike
0-2: Foul Ball, location: 2F
0-2: Ball
1-2: Strikes out looking
Batting: RHB Sadao Kato 0-0: Ground out 5-3 (Groundball, 5)
Batting: RHB Michael Elliott 0-0: Foul Ball, location: 2F
0-1: Ball
1-1: Ball
2-1: Ground out 5-3 (Groundball, 56S)
Top of the 1st over - 0 run(s), 0 hit(s), 0 error(s), 0 left on base; San Francisco 0 - New Orleans 0
BOTTOM OF THE 1ST
New Orleans Looters batting - Pitching for San Francisco Bandits : LHP Pancho Guerrero
Pitching: LHP Pancho Guerrero
Batting: LHB Francisco Vega 0-0: Foul Ball, location: 2F
0-1: Fly out, F8 (Flyball, 89XD)
Batting: RHB Stephen Shaw 0-0: SINGLE (Line Drive, 56D)
Batting: LHB Taylor Smith 0-0: Foul Ball, location: 2F
0-1: Grounds into double play, 4-6-3 (Groundball, 4)
Bottom of the 1st over - 0 run(s), 1 hit(s), 0 error(s), 0 left on base; San Francisco 0 - New Orleans 0
TOP OF THE 2ND
San Francisco Bandits batting - Pitching for New Orleans Looters : RHP Edward Baker
Batting: LHB Jerry Bryan 0-0: Ball
1-0: Swinging Strike
1-1: SINGLE (Groundball, 56D)
Batting: RHB Bob Orr 0-0: Fly out, F8 (Flyball, 8LM)
Batting: RHB Javier Ramírez 0-0: Ball
1-0: Called Strike
1-1: Ball
2-1: Grounds into double play, 4-6-3 (Groundball, 4)
Top of the 2nd over - 0 run(s), 1 hit(s), 0 error(s), 0 left on base; San Francisco 0 - New Orleans 0
BOTTOM OF THE 2ND
New Orleans Looters batting - Pitching for San Francisco Bandits : LHP Pancho Guerrero
Batting: SHB Zach Franks 0-0: Foul Ball, location: 2F
0-1: Ball
1-1: DOUBLE (Line Drive, 8LXD)
Batting: SHB Nate Rhodes 0-0: Ball
1-0: Called Strike
1-1: Foul Ball, location: 2F
1-2: Ball
2-2: Ball
3-2: Strikes out swinging
Batting: RHB Rich Ruffin 0-0: Fly out, F9 (Flyball, 89M)
Batting: LHB José Esparza 0-0: Fly out, F7 (Flyball, 7M)
Bottom of the 2nd over - 0 run(s), 1 hit(s), 0 error(s), 1 left on base; San Francisco 0 - New Orleans 0
TOP OF THE 3RD
San Francisco Bandits batting - Pitching for New Orleans Looters : RHP Edward Baker
Batting: RHB Álex Rodríguez 0-0: Ball
1-0: Ball
2-0: Ball
3-0: Called Strike
3-1: Fly out, F8 (Flyball, 89M)
Batting: RHB Emílio Bruno 0-0: Fly out, F9 (Line Drive, 9M)
Batting: RHB David Crespo 0-0: Foul Ball, location: 2F
0-1: Fly out, F3 (Popup, 3SF)
Top of the 3rd over - 0 run(s), 0 hit(s), 0 error(s), 0 left on base; San Francisco 0 - New Orleans 0
BOTTOM OF THE 3RD
New Orleans Looters batting - Pitching for San Francisco Bandits : LHP Pancho Guerrero
Batting: RHB José Mora 0-0: Ball
1-0: Fly out, F9 (Flyball, 9D)
Batting: RHB John Anderson 0-0: Called Strike
0-1: Ball
1-1: Ball
2-1: SINGLE (Groundball, 6)
Batting: LHB Francisco Vega 0-0: SINGLE (Groundball, 56D)
John Anderson to second
Batting: RHB Stephen Shaw 0-0: Foul Ball, location: 2F
0-1: Fielders Choice at 2nd, 1-6 (Groundball, 23)
John Anderson to third
Batting: LHB Taylor Smith 0-0: Ball
1-0: Foul Ball, location: 2F
1-1: Fly out, F6 (Popup, 6MD)
Bottom of the 3rd over - 0 run(s), 2 hit(s), 0 error(s), 2 left on base; San Francisco 0 - New Orleans 0
TOP OF THE 4TH
San Francisco Bandits batting - Pitching for New Orleans Looters : RHP Edward Baker
Batting: RHB Pete Rideout 0-0: Called Strike
0-1: SINGLE (Groundball, 56D)
Batting: RHB Sadao Kato 0-0: Called Strike
0-1: Grounds into double play, 4-6-3 (Groundball, 34)
Batting: RHB Michael Elliott 0-0: Called Strike
0-1: Fly out, F7 (Flyball, 7LMF)
Top of the 4th over - 0 run(s), 1 hit(s), 0 error(s), 0 left on base; San Francisco 0 - New Orleans 0
BOTTOM OF THE 4TH
New Orleans Looters batting - Pitching for San Francisco Bandits : LHP Pancho Guerrero
Batting: SHB Zach Franks 0-0: Ball
1-0: Swinging Strike
1-1: Ball
2-1: Ball
3-1: SINGLE (Groundball, 56)
Batting: SHB Nate Rhodes 0-0: Ball
1-0: Ball
2-0: Foul Ball, location: 2F
2-1: Called Strike
2-2: Strikes out swinging
Batting: RHB Rich Ruffin 0-0: Ball
1-0: Foul Ball, location: 2F
1-1: Swinging Strike
1-2: Ball
2-2: Grounds into double play, 1-6-3 (Groundball, 13S)
Bottom of the 4th over - 0 run(s), 1 hit(s), 0 error(s), 0 left on base; San Francisco 0 - New Orleans 0
TOP OF THE 5TH
San Francisco Bandits batting - Pitching for New Orleans Looters : RHP Edward Baker
Batting: LHB Jerry Bryan 0-0: Ball
1-0: Ball
2-0: Ball
3-0: Base on Balls
Batting: RHB Bob Orr 0-0: Ball
1-0: Called Strike
1-1: Swinging Strike
1-2: TRIPLE (Flyball, 89XD)
Jerry Bryan scores
Batting: RHB Javier Ramírez 0-0: Intentional Walk
Batting: RHB Álex Rodríguez 0-0: Called Strike
0-1: Ball
1-1: Ball
2-1: Fielders Choice at 2nd, 1-6 (Groundball, 23)
Batting: RHB Emílio Bruno 0-0: Called Strike
0-1: Ball
1-1: Ball
2-1: Swinging Strike
2-2: Strikes out swinging
Batting: RHB David Crespo 0-0: DOUBLE (Line Drive, 7LM)
Bob Orr scores
Álex Rodríguez to third
Batting: RHB Pete Rideout 0-0: Ball
1-0: Ball
2-0: Ground out 6-3 (Groundball, 6)
Top of the 5th over - 2 run(s), 2 hit(s), 0 error(s), 2 left on base; San Francisco 2 - New Orleans 0
BOTTOM OF THE 5TH
New Orleans Looters batting - Pitching for San Francisco Bandits : LHP Pancho Guerrero
Batting: LHB José Esparza 0-0: Ball
1-0: Foul Ball, location: 2F
1-1: Swinging Strike
1-2: Ball
2-2: Foul Ball, location: 2F
2-2: Ball
3-2: Foul Ball, location: 2F
3-2: Fly out, F9 (Flyball, 9M)
Batting: RHB José Mora 0-0: Called Strike
0-1: Ball
1-1: DOUBLE (Line Drive, 7D)
Batting: RHB John Anderson 0-0: Called Strike
0-1: Ball
1-1: Ground out 6-3 (Groundball, 6)
Batting: LHB Francisco Vega 0-0: Ball
1-0: SINGLE (Line Drive, 7S)
José Mora to third
Runner from 3rd tries for Home, SAFE, no throw or cutoff
Batting: RHB Stephen Shaw 0-0: Ball
1-0: Foul Ball, location: 2F
1-1: Ball
2-1: DOUBLE (Line Drive, 7LS)
Francisco Vega to third
Runner from 3rd tries for Home, SAFE, no throw or cutoff
Batting: LHB Taylor Smith 0-0: Ball
1-0: Called Strike
1-1: Ball
2-1: Ground out 6-3 (Groundball, 6MS)
Bottom of the 5th over - 2 run(s), 3 hit(s), 0 error(s), 1 left on base; San Francisco 2 - New Orleans 2
TOP OF THE 6TH
San Francisco Bandits batting - Pitching for New Orleans Looters : RHP Edward Baker
Batting: RHB Sadao Kato 0-0: Ball
1-0: Ball
2-0: DOUBLE (Flyball, 8RXD)
Batting: RHB Michael Elliott 0-0: Ball
1-0: Called Strike
1-1: Ball
2-1: Swinging Strike
2-2: Strikes out swinging
Batting: LHB Jerry Bryan 0-0: Intentional Walk
Batting: RHB Bob Orr 0-0: Called Strike
0-1: Called Strike
0-2: Ground out U3 (Groundball, 3S)
Sadao Kato to third
Jerry Bryan to second
Batting: RHB Javier Ramírez 0-0: Called Strike
0-1: Ball
1-1: Called Strike
1-2: Fly out, F9 (Flyball, 89D)
Top of the 6th over - 0 run(s), 1 hit(s), 0 error(s), 2 left on base; San Francisco 2 - New Orleans 2
BOTTOM OF THE 6TH
New Orleans Looters batting - Pitching for San Francisco Bandits : LHP Pancho Guerrero
Batting: SHB Zach Franks 0-0: Ball
1-0: Foul Ball, location: 2F
1-1: Called Strike
1-2: Ground out 6-3 (Groundball, 6M)
Batting: SHB Nate Rhodes 0-0: Ball
1-0: Ball
2-0: Ball
3-0: Called Strike
3-1: Base on Balls
Batting: RHB Rich Ruffin 0-0: Called Strike
Nate Rhodes steals 2nd base
0-1: Foul Ball, location: 2F
0-2: Ball
1-2: 2-RUN HOME RUN (Flyball, 9LD), Distance : 342 ft
Batting: LHB José Esparza 0-0: Ball
1-0: Ball
2-0: Ball
3-0: Called Strike
3-1: SINGLE (Flyball, 7S)
Batting: RHB José Mora 0-0: Foul Ball, location: 2F
0-1: Grounds into double play, 5-4-3 (Groundball, 5)
Bottom of the 6th over - 2 run(s), 2 hit(s), 0 error(s), 0 left on base; San Francisco 2 - New Orleans 4
TOP OF THE 7TH
San Francisco Bandits batting - Pitching for New Orleans Looters : RHP Edward Baker
Batting: RHB Álex Rodríguez 0-0: Called Strike
0-1: Swinging Strike
0-2: Strikes out swinging
Batting: RHB Emílio Bruno 0-0: Ball
1-0: Called Strike
1-1: Ball
2-1: Ball
3-1: Called Strike
3-2: Base on Balls
Batting: RHB David Crespo 0-0: Swinging Strike
0-1: Ball
1-1: Ball
2-1: Swinging Strike
2-2: Strikes out swinging
Batting: RHB Pete Rideout 0-0: Swinging Strike
0-1: Ball
1-1: Ball
2-1: Fly out, F2 (Popup, 2RF)
Top of the 7th over - 0 run(s), 0 hit(s), 0 error(s), 1 left on base; San Francisco 2 - New Orleans 4
BOTTOM OF THE 7TH
New Orleans Looters batting - Pitching for San Francisco Bandits : LHP Pancho Guerrero
Batting: RHB John Anderson 0-0: Foul Ball, location: 2F
0-1: Fly out, F8 (Flyball, 8LD)
Batting: LHB Francisco Vega 0-0: Ball
1-0: Ball
2-0: Ball
3-0: Ground out 6-3 (Groundball, 6)
Batting: RHB Stephen Shaw 0-0: Ball
1-0: Ball
2-0: Foul Ball, location: 2F
2-1: Foul Ball, location: 2F
2-2: SINGLE (Line Drive, 5)
Batting: LHB Taylor Smith 0-0: Ball
1-0: Ball
2-0: Ball
3-0: Called Strike
3-1: Base on Balls
Stephen Shaw to second
Pitching: LHP Esteban Peña
Pinch Hitting: RHB Dave O'Loan 0-0: Called Strike
0-1: Fly out, F9 (Flyball, 89D)
Bottom of the 7th over - 0 run(s), 1 hit(s), 0 error(s), 2 left on base; San Francisco 2 - New Orleans 4
TOP OF THE 8TH
San Francisco Bandits batting - Pitching for New Orleans Looters : RHP Edward Baker
Now in CF: Luis Sánchez
Batting: RHB Sadao Kato 0-0: Ball
1-0: Ball
2-0: SINGLE (Line Drive, 6D)
Pitching: LHP Juan Fuentes
Batting: RHB Mabuchi Yoshida 0-0: Swinging Strike
0-1: Ball
1-1: Ball
2-1: Called Strike
2-2: Strikes out swinging
Batting: LHB Jerry Bryan 0-0: Called Strike
0-1: Swinging Strike
0-2: Strikes out looking
Pitching: RHP Ienobu Sato
Batting: RHB Bob Orr 0-0: Called Strike
0-1: Ground out 6-3 (Groundball, 6)
Top of the 8th over - 0 run(s), 1 hit(s), 0 error(s), 1 left on base; San Francisco 2 - New Orleans 4
BOTTOM OF THE 8TH
New Orleans Looters batting - Pitching for San Francisco Bandits : LHP Esteban Peña
Now in RF: Mabuchi Yoshida
Batting: SHB Nate Rhodes 0-0: Ball
1-0: Ball
2-0: Fly out, F9 (Flyball, 89D)
Batting: RHB Rich Ruffin 0-0: Called Strike
0-1: Ball
1-1: Fly out, F9 (Flyball, 89S)
Batting: LHB José Esparza 0-0: Ball
1-0: Ball
2-0: Foul Ball, location: 2F
2-1: Foul Ball, location: 2F
2-2: Ball
3-2: Ground out 3-1 (Groundball, 34)
Bottom of the 8th over - 0 run(s), 0 hit(s), 0 error(s), 0 left on base; San Francisco 2 - New Orleans 4
TOP OF THE 9TH
San Francisco Bandits batting - Pitching for New Orleans Looters : RHP Ienobu Sato
Pitching: LHP Juan Méndez
Batting: RHB Javier Ramírez 0-0: Ball
1-0: Called Strike
1-1: Foul Ball, location: 2F
1-2: Strikes out swinging
Batting: RHB Álex Rodríguez 0-0: Called Strike
0-1: Ball
1-1: Called Strike
1-2: Strikes out swinging
Batting: RHB Emílio Bruno 0-0: Ball
1-0: Foul Ball, location: 2F
1-1: Fly out, F7 (Flyball, 7D)
Top of the 9th over - 0 run(s), 0 hit(s), 0 error(s), 0 left on base; San Francisco 2 - New Orleans 4
Monday, December 5th, 2016 - OOTP Baseball 17.12 Build 75